 Dungeon Crawl Stone Soup version 0.20-a0-450-g4cf9236 (webtiles) character file.

95 FitzyFitz the Slasher (level 4, 0/29 HPs)
             Began as a High Elf Gladiator on Dec 20, 2016.
             Slain by an orc wizard
             ... wielding a +0 dagger
              (1 damage)
             ... on level 3 of the Dungeon.
             The game lasted 00:04:08 (2876 turns).

FitzyFitz the Slasher (High Elf Gladiator)          Turns: 2876, Time: 00:04:09

Health: 0/29       AC:  5    Str: 14    XL:     4   Next: 40%
Magic:  5/5        EV: 13    Int: 12    God:
Gold:   162        SH:  0    Dex: 16    Spells: 3/3 levels left

rFire  . . .     SeeInvis .     q - -1 spear (curse)
rCold  . . .     Gourm    .     b - +0 leather armour
rNeg   . . .     Faith    .     (no shield)
rPois  .         Spirit   .     c - +0 helmet
rElec  .         Reflect  .     h - +0 cloak
rCorr  .         Harm     .     (no gloves)
MR     .....                    (no boots)
Stlth  +.........               (no amulet)
                                (no ring)
                                (no ring)

@: no status effects
A: no striking features
a: no special abilities


You were on level 3 of the Dungeon.
You were hungry.

You visited 1 branch of the dungeon, and saw 4 of its levels.

You collected 162 gold pieces.

Inventory:

Hand Weapons
 a - a +0 long sword
 q - a cursed -1 spear (weapon)
 v - a +0 rapier
Missiles
 d - 4 throwing nets (quivered)
 e - 56 stones
 g - 78 arrows
Armour
 b - a +0 leather armour (worn)
 c - a +0 helmet (worn)
 h - a +0 cloak (worn)
Wands
 u - a wand of lightning (7/15)
Scrolls
 w - a scroll of teleportation
Potions
 j - a potion of might
 m - a potion of curing
 p - a potion of cancellation {unknown}
 r - 2 potions of haste
 s - a potion of lignification
 t - 3 potions of flight {unknown}
Comestibles
 f - a bread ration
 i - a slice of pizza
 k - 4 fruits
 l - 3 meat rations
 n - a beef jerky


   Skills:
 - Level 2.0 Fighting
 + Level 6.3 Long Blades
 - Level 2.0 Throwing
 - Level 3.2 Dodging


You had 3 spell levels left.
You didn't know any spells.

Dungeon Overview and Level Annotations

Branches:
Dungeon (4/15)
 Temple: D:4-7

Altars:
Xom
The Shining One


Message History

You miss something. Something hits you but does no damage.
You barely miss something. Something hits you but does no damage.
You barely miss something. Something hits you but does no damage.
You completely miss something. Something hits you but does no damage.
You barely miss something. Something hits you but does no damage.
You closely miss something.
You hear some strange, mumbled words.
You are confused.
You barely miss something. Something hits you.
* * * LOW HITPOINT WARNING * * *
Something hits you but does no damage.
You closely miss something. Something hits you but does no damage.
You're too confused to move!
Something barely misses you.
You bump into the rock wall.
Something hits you but does no damage.
You're too confused to move!
You feel less confused. Something hits you.
* * * LOW HITPOINT WARNING * * *
You hit something but do no damage. Something hits you.
You die...

....#.....#
#.##.#.#
....#.....#
#..#.#.#
....#.#'###
##.#.#.#
....#.#.#
#...#.#
#.###.#.#
##..#.# #.#
#.#.#
#..#.# #.#
#.#.#
##>#.# #.#
#.#.#
#{#.#####
#.# #.#.#
#@#.....#
#.###.#.#
#.#.###.#
#.....#.#
#.#...#.#
#######.#
#.#####.#
#.#
#.......#
#.#
#########
#######.#
........#
#########


There were no monsters in sight!

Vanquished Creatures
  3 adders
  A worm (D:3)
  A dart slug (D:1)
  2 leopard geckos
  4 orcs (D:3)
  2 ball pythons
  3 giant cockroaches
  7 goblins
  8 hobgoblins
  2 quokkas
  6 bats
  5 frilled lizards
  4 kobolds (D:3)
  7 rats
55 creatures vanquished.

Notes
Turn   | Place    | Note
-------+----------+-------------------------------------------
     0 | D:1      | FitzyFitz the High Elf Gladiator began the quest for the Orb.
     0 | D:1      | Reached XP level 1. HP: 14/14 MP: 2/2
    94 | D:1      | Reached skill level 4 in Long Blades
   240 | D:1      | Reached XP level 2. HP: 19/19 MP: 3/3
   681 | D:2      | Found a glowing golden altar of the Shining One.
   707 | D:2      | Reached skill level 5 in Long Blades
   741 | D:2      | Found a shimmering altar of Xom.
   743 | D:2      | Found a hide-covered altar of Uskayaw.
   743 | D:2      | Found a basalt altar of Yredelemnul.
   747 | D:2      | Found an ancient bone altar of Kikubaaqudgha.
   747 | D:2      | Found a snail-covered altar of Cheibriados.
   747 | D:2      | Found an opulent altar of Gozag.
   786 | D:2      | Reached XP level 3. HP: 16/24 MP: 4/4
  1779 | D:3      | Reached XP level 4. HP: 29/29 MP: 5/5
  1816 | D:3      | Reached skill level 6 in Long Blades
  2871 | D:3      | HP: 1/29 [something (3)]
  2876 | D:3      | Slain by an orc wizard

Vault maps used:
D:1:      minmay_arrival_arboretum_small
D:2:      doesnt_xom_only_xom, lemuel_crystal_altar
D:3:      grunt_ministairs_9
D:4:      serial_shops, kennysheep_mini_moat, uniq_sigmund

Skill      XL: |  1  2  3  4 |
---------------+-------------+-----
Long Blades    | 4 5 6 |  6.3
Fighting       | |  2.0
Throwing       | |  2.0
Dodging        | |  3.2

Action                   |  1- 3 |  4- 6 || total
-------------------------+-------+-------++-------
Melee: Long sword        |    31 |       ||    31
       Spear             |   108 |   109 ||   217
  Use: Scroll            |     9 |     1 ||    10
 Stab: Sleeping          |       |     2 ||     2
  Eat: Chunk             |     3 |     3 ||     6
Armor: Leather armour    |    40 |    36 ||    76
Dodge: Dodged            |    99 |    57 ||   156
       Rpst.: Long sword |     6 |       ||     6
